[Event "*** SCC Grand Prix: Titled Tuesday Blitz"]
[Site "Chess.com"]
[Date "2020.06.23"]
[Round "5"]
[White "Mbneu"]
[Black "larbiben"]
[Result "1-0"]
[WhiteElo "2189"]
[BlackElo "2016"]
[TimeControl "180+1"]
[EndTime "10:56:51 PDT"]
[Termination "Mbneu won by resignation"]

1. d4 d5 2. c4 c6 3. Nc3 dxc4 4.
e4 e5 5. dxe5 Qxd1+ 6. Nxd1 Be6 7.
f4 g6 8. Ne3 Na6 9. f5 gxf5 10.
exf5 Bd5 11. Bxc4 Bb4+ 12. Kf2 O-O-O 13. Bxd5 cxd5 14. Nf3 d4 15. Nc4 Bc5 16. Bg5 d3+ 17. Ne3 Be7 18. Rac1+ Kb8 19. Rhd1 h6 20. Bf4 Bc5 21. a3 Ka8 22. b4 Bb6 23. Rc3 Ne7 24. g4 Nd5 25. Rc4 Nxf4 26. Rxf4 Nc7 27. Re4 Nd5 28.
Rxd3 Nxe3 29. Rdxe3 Rd3 30. Ke2 Rxe3+ 31. Rxe3 Bxe3 32.
Kxe3 Rg8 33. Kf4 b6 34. g5 hxg5+ 35. Nxg5 a5 36. Nxf7 axb4 37. axb4 Kb7 38. f6 Kc6 39. e6 Rg1 40. Kf5 Kd5 41. e7 Rf1+ 42. Kg6 Re1 43.
Nd8 Kd6 44. Kf7 Kd7 45. Kf8 Re2 46. Nf7 Re1 47. h4 Re4 48. h5 Re6 49. h6 Re1 50. h7 Re2 51. h8=Q Re6 52. Qh3 b5 53. Qf5 Kc7 54. Qxe6 1-0

[Event "*** SCC Grand Prix: Titled Tuesday Blitz"]
[Site "Chess.com"]
[Date "2020.06.23"]
[Round "5"]
[White "Kezin_Roman"]
[Black "BilodeauA"]
[Result "0-1"]
[WhiteElo "2790"]
[BlackElo "2868"]
[TimeControl "180+1"]
[EndTime "10:56:52 PDT"]
[Termination "BilodeauA won on time"]

1. d4 Nf6 2. c4 e6 3. g3 Bb4+ 4.
Bd2 Be7 5. Bg2 d5 6. Nf3 O-O 7. O-O Nbd7 8. Qc2 c6 9. Rd1 b6 10. Bf4 Ba6 11. Ne5 Rc8 12. Nc3 Bxc4 13. Nxc4 dxc4 14. e4 b5 15. a4 a6 16. axb5 axb5 17. d5 cxd5 18. exd5 e5 19. Bg5 Qb6 20. Bh3 Bc5 21.
Bxf6 Nxf6 22. Bxc8 Rxc8 23. d6 Bd4 24. Qf5 Rd8 25. Rd2 h6 26. d7 g6 27. Qf3 Rxd7 28.
Kg2 Kg7 29. Rad1 b4 30. Ne2 Qc5 31. h3 Rd6 32. Rc2 Nh7 33. Rdc1 Rf6 34. Qb7 Rxf2+ 35. Kh1 Be3 36. Rxc4 Qd6 37. Re1 Qe6 0-1

[Event "*** SCC Grand Prix: Titled Tuesday Blitz"]
[Site "Chess.com"]
[Date "2020.06.23"]
[Round "5"]
[White "Dr-Bassem"]
[Black "viditchess"]
[Result "0-1"]
[WhiteElo "2794"]
[BlackElo "3024"]
[TimeControl "180+1"]
[EndTime "10:56:52 PDT"]
[Termination "viditchess won on time"]

1. e4 c5 2. Nf3 d6 3. g3 Nc6 4.
Bg2 g6 5. O-O Bg7 6. c3 Nf6 7.
Re1 Bg4 8. h3 Bxf3 9. Qxf3 O-O 10. Qe2 Rb8 11. Na3 Nd7 12. Rd1 Qa5 13. Nc2 Rfc8 14. h4 h5 15. Bh3 Rc7 16. d4 cxd4 17. cxd4 Qb6 18. Be3 Qxb2 19. Rab1 Qc3 20. Rb3 Qa5 21.
Ra3 Qb6 22. d5 Qb2 23. dxc6 Rxc6 24. Bxd7 Rxc2 25. Qd3 Rc7 26. Bh3 b6 27. Qb3 Qe2 28.
Bf1 Qg4 29. Ra4 Rc3 30. Qb1 Rxe3 31. fxe3 Qxg3+ 32. Bg2 Qxe3+ 33. Kh1 Be5 34. Qd3 Qf2 35. Qh3 Qc2 36. Qb3 Qf2 37. Rf1 Qxh4+ 38. Qh3 Qg5 39. Rc4 Kg7 40. Rc7 a5 41. Qf3 Qh4+ 42. Qh3 Qg5 43. a4 b5 44. axb5 Rxb5 45. Rc8 Rb2 46. Qf3 Qh4+ 0-1

[Event "*** SCC Grand Prix: Titled Tuesday Blitz"]
[Site "Chess.com"]
[Date "2020.06.23"]
[Round "5"]
[White "1977Ivan"]
[Black "Lector118"]
[Result "0-1"]
[WhiteElo "2645"]
[BlackElo "2464"]
[TimeControl "180+1"]
[EndTime "10:56:52 PDT"]
[Termination "Lector118 won on time"]

1. d4 d5 2. c4 dxc4 3. e4 b5 4. a4 c6 5. Nc3 a6 6. Nf3 Bb7 7. Be2 e6 8. O-O Nf6 9. e5 Nd5 10. Ne4 h6 11. Bd2 Nd7 12. b3 cxb3 13.
Qxb3 Be7 14. Rfc1 O-O 15. Bd1 Qb6 16. a5 Qa7 17. Qd3 c5 18. dxc5 Nxc5 19. Nxc5 Bxc5 20.
Bc2 Bxf2+ 21. Kh1 f5 22. exf6 Nxf6 23. Qe2 Bd5 24. Rf1 Bc5 25. Ne5 Qb7 26. Rae1 Rad8 27.
Ng6 Rf7 28. Bf4 Bc4 29. Qe5 Bxf1 30. Rxf1 Qd5 31. Qe1 Nh5 32. Be4 Qd4 33. g3 Nxf4 34. gxf4 Qe3 35. Qxe3 Bxe3 36. f5 exf5 37. Bb1 Rd6 38.
Ne5 Rf8 39. Ba2+ Kh7 40. Re1 Bd4 41. Nf7 Rd7 0-1

[Event "*** SCC Grand Prix: Titled Tuesday Blitz"]
[Site "Chess.com"]
[Date "2020.06.23"]
[Round "5"]
[White "KubaGepard"]
[Black "FMOlexandrProhorov"]
[Result "1-0"]
[WhiteElo "2338"]
[BlackElo "2106"]
[TimeControl "180+1"]
[EndTime "10:56:52 PDT"]
[Termination "KubaGepard won on time"]

1. d4 g6 2. Nf3 Bg7 3. g3 f5 4. Bg2 Nf6 5. O-O O-O 6. b3 d6 7.
Bb2 a5 8. c4 Qe8 9. Nbd2 c6 10.
Qc2 Nbd7 11. e4 fxe4 12. Nxe4 a4 13. Neg5 e5 14. dxe5 Nxe5 15. Nxe5 dxe5 16. Ba3 Bf5 17. Qb2 e4 18. Bxf8 Qxf8 19. Qe2 Re8 20. Rad1 h6 21. Nh3 g5 22. f3 Qc5+ 23. Nf2 exf3 24. Qxf3 Bg4 25. Qd3 Bxd1 26. Rxd1 Ng4 27. Qf3 h5 28. h3 Rf8 29. hxg4 Rxf3 30. Bxf3 hxg4 31. Bxg4 Bd4 32. Kg2 a3 33. Ne4 Qe5 34. Re1 c5 35. Re2 Qc7 36. Nf6+ 1-0

[Event "*** SCC Grand Prix: Titled Tuesday Blitz"]
[Site "Chess.com"]
[Date "2020.06.23"]
[Round "5"]
[White "Casablanca"]
[Black "Alexandercs432"]
[Result "0-1"]
[WhiteElo "2316"]
[BlackElo "2103"]
[TimeControl "180+1"]
[EndTime "10:56:52 PDT"]
[Termination "Alexandercs432 won by checkmate"]

1. d4 d5 2. c4 e5 3. dxe5 d4 4. Nf3 Nc6 5. a3 Nge7 6. g3 Ng6 7. Bg2 Ngxe5 8. Nxe5 Nxe5 9. b4 Be7 10. Bb2 c5 11.
bxc5 Bxc5 12. Nd2 O-O 13. O-O Be6 14. Rc1 Qe7 15. Qa4 Rfd8 16. Ne4 Rac8 17. Rfd1 b6 18. h3 h6 19. f4 Ng6 20. Kh2 h5 21. Rf1 Bf5 22. Ng5 Qxe2 23. Qxa7 Rd7 24. Qa6 Rcd8 25.
Qb5 h4 26. g4 Bd3 27. Rce1 Qc2 28. Rc1 Qe2 29. Kh1 Bxc4 30. Qa4 Bb5 31. Qb3 d3 32. Rfe1 Qf2 33. Rf1 Qg3 34. Qxb5 Be3 35. Rcd1 d2 36.
Be5 Bxf4 37. Bxf4 Nxf4 38. Qf5 Qxg2# 0-1

[Event "*** SCC Grand Prix: Titled Tuesday Blitz"]
[Site "Chess.com"]
[Date "2020.06.23"]
[Round "5"]
[White "Twitch_ElhamBlitz05"]
[Black "GM_dmitrij"]
[Result "0-1"]
[WhiteElo "2767"]
[BlackElo "2913"]
[TimeControl "180+1"]
[EndTime "10:56:53 PDT"]
[Termination "GM_dmitrij won by checkmate"]

1. e4 c5 2. Nf3 d6 3. d4 cxd4 4. Nxd4 Nf6 5. f3 e5 6. Nb3 d5 7. Bg5 Be6 8. Bxf6 gxf6 9. exd5 Qxd5 10. Qxd5 Bxd5 11. Nc3 Be6 12. O-O-O Nc6 13. Bd3 O-O-O 14. g4 h5 15. h3 Bb4 16. Ne4 Be7 17. Nec5 Kc7 18.
Nxe6+ fxe6 19. Bc4 Rxd1+ 20. Rxd1 hxg4 21. hxg4 Nd8 22. Bd3 Rh3 23. Be4 Nf7 24. Bxb7 Ng5 25. Rd3 Kxb7 26. Rd7+ Kc6 27. Rxe7 Nxf3 28. c4 Kd6 29.
Rxa7 e4 30. c5+ Ke5 31. c6 e3 32. Nc5 e2 33. Nd3+ Ke4 34. Ne1 Nxe1 35. Re7 Nd3+ 36. Kc2 e1=Q 37. c7 Qc1+ 38. Kb3 Ne5+ 39. Ka4 Qc4+ 40.
b4 Qc6+ 41. b5 Qc5 42. Ka5 Ra3# 0-1

[Event "*** SCC Grand Prix: Titled Tuesday Blitz"]
[Site "Chess.com"]
[Date "2020.06.23"]
[Round "5"]
[White "Sam_ChessMood"]
[Black "Sashadav97"]
[Result "1-0"]
[WhiteElo "2821"]
[BlackElo "2603"]
[TimeControl "180+1"]
[EndTime "10:56:54 PDT"]
[Termination "Sam_ChessMood won on time"]

1. e4 c5 2. Nf3 Nc6 3. d4 cxd4 4. Nxd4 Nf6 5. Nc3 d6 6. Bg5 e6 7. Qd2 a6 8. O-O-O Bd7 9. f3 Be7 10. Kb1 Qc7 11. h4 h6 12. Be3 h5 13. Bg5 Ne5 14. f4 Neg4 15. Nf3 b5 16. e5 b4 17.
exf6 bxc3 18. fxg7 Rg8 19. Qd3 Rxg7 20. Bxe7 Kxe7 21.
Nd4 Nf2 22. Qf3 Rb8 23. b3 Nxd1 24. Qxd1 Qc5 25. Rh3 Qa3 26. Rxc3 Qa5 27. Re3 Qc5 28. f5 e5 29. Rf3 f6 30. Ne6 Bxe6 31. fxe6 Rc8 32.
Rf5 d5 33. Rxh5 a5 34. Rh6 a4 35. g4 1-0

[Event "*** SCC Grand Prix: Titled Tuesday Blitz"]
[Site "Chess.com"]
[Date "2020.06.23"]
[Round "5"]
[White "simplerXiao"]
[Black "MatyChess1"]
[Result "1-0"]
[WhiteElo "2433"]
[BlackElo "2536"]
[TimeControl "180+1"]
[EndTime "10:56:54 PDT"]
[Termination "simplerXiao won on time"]

1. Nf3 d5 2. g3 Nf6 3. Bg2 Bf5 4. O-O e6 5. d3 h6 6. Nbd2 c6 7. Qe1 Bh7 8. e4 Be7 9. Qe2 O-O 10. e5 Nfd7 11. h4 c5 12. Re1 Nc6 13. Nf1 Re8 14.
Bf4 f6 15. Bh3 Bf8 16. exf6 Qxf6 17. Ne3 Nb6 18. Ng4 Qxb2 19. Nge5 Nb4 20. a3 Nc6 21. Reb1 Qc3 22. Bd2 Nd4 23. Nxd4 Qxd4 24. a4 Bd6 25. Nf3 Qf6 26. a5 Nd7 27. Nh2 b6 28. Ng4 Qg6 29. axb6 axb6 30. Rxa8 Rxa8 31. h5 Qe8 32. Ne3 Nf8 33.
Rxb6 Be5 34. Nf1 Bf6 35. Ne3 Rb8 36. Rxb8 Qxb8 37. Ng4 Qd6 38. Kh2 Bg5 39. f4 1-0

[Event "*** SCC Grand Prix: Titled Tuesday Blitz"]
[Site "Chess.com"]
[Date "2020.06.23"]
[Round "5"]
[White "Boninknights"]
[Black "Michaelson_11"]
[Result "0-1"]
[WhiteElo "2306"]
[BlackElo "2075"]
[TimeControl "180+1"]
[EndTime "10:56:55 PDT"]
[Termination "Michaelson_11 won on time"]

1. d4 Nf6 2. Nf3 d5 3. c4 e6 4. Nc3 dxc4 5. e3 a6 6. Bxc4 b5 7. Bd3 Bb7 8. O-O Nbd7 9. a3 c5 10. dxc5 Bxc5 11. b4 Be7 12. Bb2 O-O 13. Qe2 Rc8 14.
Rfd1 Qc7 15. Rac1 Qb8 16. Ng5 h6 17. Nge4 Ne5 18. Nxf6+ Bxf6 19. Ne4 Bxe4 20. Bxe4 Ng4 21. g3 Bxb2 22. Qxb2 Ne5 23. Rxc8 Rxc8 24. Qd4 Nc4 25. Rd3 f5 26. Bg2 e5 27. Qd7 e4 28. Rd5 Nxa3 29.
Rxf5 Rc1+ 30. Bf1 Nc4 31. Rf7 Qe5 32. Re7 Qf6 33. Re8+ Kh7 34. Qg4 Nd2 35. Kg2 Qf3+ 36. Qxf3 exf3+ 37. Kh3 Nxf1 0-1

[Event "*** SCC Grand Prix: Titled Tuesday Blitz"]
[Site "Chess.com"]
[Date "2020.06.23"]
[Round "5"]
[White "Andrii_Prydun"]
[Black "GMMatamoros"]
[Result "1/2-1/2"]
[WhiteElo "2389"]
[BlackElo "2541"]
[TimeControl "180+1"]
[EndTime "10:56:56 PDT"]
[Termination "Game drawn by agreement"]

1. d4 Nf6 2. Nc3 d5 3. Bf4 e6 4. Nb5 Na6 5. e3 c6 6. Nc3 Bd6 7. Nf3 O-O 8. Bd3 c5 9. O-O Nb4 10. Bxd6 Qxd6 11. dxc5 Qxc5 12. e4 b6 13. e5 Nxd3 14.
exf6 Nxb2 15. Qd2 gxf6 16. Rab1 Nc4 17. Qh6 Qe7 18. Rb3 Kh8 19. Nd4 Nd6 20. Ncb5 e5 21. Nc6 Nf5 22. Nxe7 Nxh6 23. Nc7 Rb8 24. Nexd5 Be6 25. Nxe6 fxe6 26. Ne3 Rfd8 27. a4 Rbc8 28.
Ra1 Rc5 29. a5 Rxa5 30. Rxa5 bxa5 31. g4 f5 32. Ra3 Nxg4 33. Nxg4 fxg4 34. Rxa5 Rd5 35.
Rxa7 Rc5 36. Re7 Rxc2 37. Rxe6 Rc5 38. Re7 Kg8 39. Kg2 h5 40. Kg3 Rc3+ 41. Kh4 Rh3+ 42. Kg5 Rxh2 43. Rxe5 Rxf2 44. Kxh5 g3 45. Rg5+ Kf7 46.
Rxg3 Rf6 47. Rg5 1/2-1/2

[Event "*** SCC Grand Prix: Titled Tuesday Blitz"]
[Site "Chess.com"]
[Date "2020.06.23"]
[Round "5"]
[White "saikrishnaReturns"]
[Black "David_Paravyan"]
[Result "0-1"]
[WhiteElo "2631"]
[BlackElo "2919"]
[TimeControl "180+1"]
[EndTime "10:56:57 PDT"]
[Termination "David_Paravyan won by resignation"]

1. e4 c5 2. Nf3 d6 3. d4 cxd4 4. Nxd4 Nf6 5. Nc3 a6 6. Bg5 e6 7. f4 Qb6 8. Qd2 Nc6 9. O-O-O Nxd4 10. Qxd4 Qxd4 11. Rxd4 Bd7 12. Be2 Bc6 13. Rhd1 Be7 14.
Bxf6 Bxf6 15. Rxd6 Bxc3 16. bxc3 Bxe4 17. Bf3 Bxf3 18. gxf3 O-O 19. Rb6 Rac8 20. Kb2 Rc7 21. Rd4 Rfc8 22. c4 h5 23. Kb3 h4 24. f5 exf5 25.
Rxh4 Re8 26. Rd6 g6 27. a4 Kg7 28. a5 Re5 29. Kb4 Re2 30. Kb3 Rf2 31. Rh3 Re7 32. Rb6 f4 33. c3 Rc7 34. c5 Rxc5 35. Rxb7 Rxa5 36. c4 Re5 37. Kc3 Re3+ 38. Kd4 Rd2+ 39. Kc5 Re5+ 40. Kb6 Rb2+ 41. Kxa6 Rxb7 42. Kxb7 Rc5 43.
Kb6 Rxc4 44. Kb5 Rc2 45. Rh4 g5 46. Rg4 Kg6 47. h4 f6 48. hxg5 fxg5 49. Kb4 Kf5 50. Rg1 Rf2 51. Kc4 Rxf3 52. Kd4 Ra3 53. Rc1 Kg4 54.
Rc7 Kf3 55. Rc2 g4 56. Rc1 g3 57.
Ra1 Rxa1 0-1

[Event "*** SCC Grand Prix: Titled Tuesday Blitz"]
[Site "Chess.com"]
[Date "2020.06.23"]
[Round "5"]
[White "TheLawAdv"]
[Black "JiiHart"]
[Result "1/2-1/2"]
[WhiteElo "2011"]
[BlackElo "2168"]
[TimeControl "180+1"]
[EndTime "10:56:57 PDT"]
[Termination "Game drawn by repetition"]

1. e4 c5 2. Nc3 Nc6 3. g3 g6 4.
Bg2 Bg7 5. d3 d6 6. Be3 e6 7.
Qd2 h6 8. h4 Nge7 9. Nge2 a6 10. O-O b5 11. f4 f5 12. exf5 gxf5 13. Rae1 b4 14. Nd1 Bb7 15. d4 cxd4 16. Nxd4 Qd7 17. Bf2 e5 18. fxe5 dxe5 19. Nb3 Qxd2 20. Nxd2 O-O-O 21.
Nc4 Rhe8 22. c3 Nd5 23. cxb4 Ndxb4 24. Nc3 Nd3 25. Re2 e4 26. Bh3 Nxf2 27. Rexf2 Bd4 28. Kg2 Bxf2 29. Rxf2 Ne5 30. Bxf5+ Kb8 31.
Ne3 Nd3 32. Re2 Rd6 33. g4 Red8 34. Nxe4 Nf4+ 35. Kf3 Nxe2 36. Kxe2 Rb6 37. Kf3 Bxe4+ 38. Bxe4 Rxb2 39. Nf5 Rxa2 40. Nxh6 Rf8+ 41. Nf5 a5 42. g5 a4 43. g6 Ra1 44. g7 Rg8 45.
h5 Rh1 46. h6 Rxh6 47. Nxh6 Rxg7 48. Nf5 Rf7 49. Ke3 Kc7 50. Nd4 Kb6 51. Bd5 Re7+ 52. Kd3 Rd7 53. Kc4 Rc7+ 54. Kb4 Rd7 55. Kc4 Rc7+ 56.
Kb4 Rd7 57. Kc4 1/2-1/2

[Event "*** SCC Grand Prix: Titled Tuesday Blitz"]
[Site "Chess.com"]
[Date "2020.06.23"]
[Round "5"]
[White "IMHansNiemann"]
[Black "cassoulet"]
[Result "0-1"]
[WhiteElo "2956"]
[BlackElo "2667"]
[TimeControl "180+1"]
[EndTime "10:56:58 PDT"]
[Termination "cassoulet won by resignation"]

1. d4 Nf6 2. c4 g6 3. Nc3 d5 4.
Bg5 Ne4 5. Bh4 Nxc3 6. bxc3 Bg7 7. e3 dxc4 8. Bxc4 O-O 9. Nf3 c5 10. O-O cxd4 11. cxd4 Nc6 12. Qe2 Na5 13. Bd3 b6 14.
Be4 Bb7 15. Bxb7 Nxb7 16. Rac1 Qd7 17. Qa6 Na5 18. Rc2 Rfc8 19. Rxc8+ Qxc8 20. Qxc8+ Rxc8 21. Bxe7 Rc2 22. d5 Bf8 23. d6 Nc6 24. Nd4 Nxd4 25. exd4 Bxe7 26. dxe7 Re2 27. Rd1 Rxe7 28. Kf1 Kf8 29.
Rc1 Re4 30. Rc8+ Kg7 31. Rd8 Kf6 32. f3 Re3 33. Rc8 Rd3 34. Rc7 Ra3 35. d5 Rxa2 36. d6 Rd2 37. d7 Ke6 38. Rxa7 Rxd7 39. Ra6 Rb7 40. Ke2 Kd5 41. Kd3 Kc5 42. Ra8 Rd7+ 43. Kc3 Kb5 44. Rh8 h5 45. Rf8 Rc7+ 46. Kb3 Re7 47.
Kc3 Kc6 48. Kd4 b5 49. Rc8+ Kb7 50. Rf8 Rc7 51. Re8 b4 52. Kd5 Kb6 53. Rb8+ Ka5 54. g4 Rc3 55. gxh5 gxh5 56. f4 b3 57. Rb7 f5 58. Ke5 Rc5+ 59. Kf6 Rb5 60. Ra7+ Kb4 61. Ra1 b2 62. Rb1 Kc3 63. Kg5 Kc2 64. Rxb2+ Kxb2 65. Kxh5 Kc3 66. Kg6 Kd4 67. h4 Ke4 68. Kg5 Rb1 69.
h5 Rg1+ 70. Kf6 Kxf4 71. h6 Rh1 72. Kg7 Kg4 73. h7 Rxh7+ 74. Kxh7 f4 75. Kg6 f3 0-1

[Event "*** SCC Grand Prix: Titled Tuesday Blitz"]
[Site "Chess.com"]
[Date "2020.06.23"]
[Round "5"]
[White "Susal_De_Silva"]
[Black "m_ezat"]
[Result "0-1"]
[WhiteElo "2385"]
[BlackElo "2551"]
[TimeControl "180+1"]
[EndTime "10:56:58 PDT"]
[Termination "m_ezat won on time"]

1. e4 c6 2. d4 d5 3. Nc3 dxe4 4.
Nxe4 Nd7 5. Ng5 Ngf6 6. N1f3 e6 7. Bd3 Bd6 8. c4 h6 9. Nh3 g5 10. Nhg1 c5 11. Be3 Qc7 12. Ne2 b6 13. Qc2 Bb7 14. O-O-O O-O-O 15. h3 Kb8 16. Nc3 a6 17. Kb1 Bf4 18.
Bxf4 Qxf4 19. Ne2 Qc7 20. Ng3 cxd4 21. Nxd4 Nc5 22. Nf3 h5 23. Nxg5 Bxg2 24. Rhg1 Bb7 25. h4 Rd4 26. b3 Rxh4 27. Be2 Rf4 28. Nh3 Re4 29. Bf3 Re5 30. Bxb7 Qxb7 31. f4 Re3 32. Qf2 Qf3 33. Qxf3 Rxf3 34. Ng5 Rxf4 35. Nxf7 Rf8 36. Ng5 h4 37. Ne2 Rf2 38. Nd4 Nfe4 39. Nxe4 Nxe4 40. Rd3 Rd8 0-1

[Event "*** SCC Grand Prix: Titled Tuesday Blitz"]
[Site "Chess.com"]
[Date "2020.06.23"]
[Round "5"]
[White "Muracle"]
[Black "kleopl"]
[Result "1-0"]
[WhiteElo "2608"]
[BlackElo "2405"]
[TimeControl "180+1"]
[EndTime "10:56:59 PDT"]
[Termination "Muracle won by checkmate"]

1. d4 Nf6 2. c4 g6 3. Nc3 d5 4. cxd5 Nxd5 5. e4 Nxc3 6. bxc3 c5 7. Bc4 Bg7 8. Ne2 Nc6 9. Be3 O-O 10. O-O b6 11. Qd2 Re8 12. Rfd1 Qc7 13. Rac1 Na5 14. Bd3 e5 15. d5 Nb7 16. Bb5 Rd8 17. Bc6 Rb8 18.
Bxb7 Bxb7 19. c4 Bc8 20. Nc3 Bd7 21. h4 f5 22. Bg5 Rf8 23. d6 Qb7 24. exf5 gxf5 25.
Bh6 f4 26. Bxg7 Kxg7 27. f3 Rbe8 28. Re1 Re6 29. Rcd1 Kh8 30. Ne4 h6 31. Nf2 Rg6 32. Qc3 Rfg8 33. Qxe5+ Kh7 34. Ng4 Bxg4 35. fxg4 Rxg4 36.
Qe7+ Qxe7 37. Rxe7+ Kh8 38. Rd2 f3 39. d7 f2+ 40. Rxf2 Rd4 41. Rff7 Rd2 42. Rh7# 1-0

[Event "*** SCC Grand Prix: Titled Tuesday Blitz"]
[Site "Chess.com"]
[Date "2020.06.23"]
[Round "5"]
[White "Salem-AR"]
[Black "justantan"]
[Result "1-0"]
[WhiteElo "2929"]
[BlackElo "2780"]
[TimeControl "180+1"]
[EndTime "10:57:00 PDT"]
[Termination "Salem-AR won by checkmate"]

1. d4 Nf6 2. c4 e6 3. Nf3 d5 4. g3 Be7 5. Bg2 O-O 6. O-O dxc4 7. Qc2 a6 8. a4 Bd7 9. Qxc4 Bc6 10. Bf4 Bd6 11. Qc1 a5 12. Nc3 Na6 13. Bd2 Nb4 14. Qb1 Be7 15. e4 b6 16. Rd1 Bb7 17. Bf4 Nh5 18. Be3 Nf6 19. h3 Qe8 20. Ne5 Nd7 21.
Nc4 Nf6 22. Bf4 Nh5 23. Be3 f5 24. Ne2 Nf6 25. f3 Rd8 26. Nf4 fxe4 27. fxe4 Qc6 28. Ne5 Qd6 29. b3 c5 30. Nc4 Qc6 31. Ne5 Qd6 32.
Kh2 Ba6 33. Qb2 Nd7 34. Nxd7 Qxd7 35. dxc5 Qxd1 36. Rxd1 Rxd1 37. cxb6 Bf6 38. Qf2 Nd3 39.
Qf3 Re1 40. Nxe6 Be5 41. Qxf8# 1-0

[Event "*** SCC Grand Prix: Titled Tuesday Blitz"]
[Site "Chess.com"]
[Date "2020.06.23"]
[Round "5"]
[White "Radzio1987"]
[Black "vpsetter"]
[Result "1-0"]
[WhiteElo "2857"]
[BlackElo "2612"]
[TimeControl "180+1"]
[EndTime "10:57:00 PDT"]
[Termination "Radzio1987 won on time"]

1. c4 Nf6 2. Nc3 e6 3. e4 d5 4. cxd5 exd5 5. e5 Ne4 6. Nf3 c5 7. Nxe4 dxe4 8. Qa4+ Bd7 9. Qxe4 Bc6 10. Qf4 Be7 11.
Bc4 O-O 12. O-O b5 13. Be2 Qd5 14. d4 c4 15. Qg4 f5 16. exf6 Bxf6 17. Be3 Bd7 18. Qg3 Nc6 19. Rad1 Bf5 20. Ng5 Rad8 21. Bf3 Qd7 22. d5 Ne5 23. Be4 Bxg5 24. Bxg5 Rde8 25. Bxf5 Qxf5 26. d6 Nd3 27. Be7 Rf7 28. b3 Qe6 29.
bxc4 bxc4 30. h3 Rf5 31. Rd2 Rd5 32. Rb1 Qf5 33. Kh2 c3 34. Rc2 Nf4 35. Rbc1 Rd3 36.
Qg4 Qe5 37. g3 Nd5 38. Rxc3 Nxc3 39. Qc4+ Qd5 40. Rxc3 Qxc4 41. Rxc4 Kf7 42. Rc7 1-0

[Event "*** SCC Grand Prix: Titled Tuesday Blitz"]
[Site "Chess.com"]
[Date "2020.06.23"]
[Round "5"]
[White "WinstonSilvakov"]
[Black "Manukyan_Artak"]
[Result "0-1"]
[WhiteElo "2146"]
[BlackElo "2343"]
[TimeControl "180+1"]
[EndTime "10:57:00 PDT"]
[Termination "Manukyan_Artak won on time"]

1. d4 Nf6 2. e3 d5 3. Bd3 Bg4 4.
f3 Bh5 5. Ne2 e6 6. Nf4 Bg6 7.
Nxg6 hxg6 8. O-O c5 9. c3 Nc6 10. f4 Ne4 11. Bxe4 dxe4 12. Nd2 f5 13. Qb3 Qc7 14. Qc2 O-O-O 15. b3 g5 16. g3 gxf4 17. gxf4 g5 18. Bb2 gxf4 19. Rxf4 Bd6 20. Rf2 Bxh2+ 21. Kf1 Bg3 22. Rg2 Rh1+ 23. Rg1 Rxg1+ 24. Kxg1 Rh8 25. Nf1 Rg8 26. Qg2 Ne7 27. Qh3 Bh4+ 28.
Kh1 Bf6 29. Nh2 Rh8 30. Qg2 Nd5 31. Re1 Bg5 32. Bc1 Nxc3 33. Bb2 Nd5 34. dxc5 Rg8 35. Qf2 f4 36. Bd4 f3 37. Rg1 Qh7 38. Qg3 Ne7 39. Be5 Bf6 0-1

[Event "*** SCC Grand Prix: Titled Tuesday Blitz"]
[Site "Chess.com"]
[Date "2020.06.23"]
[Round "5"]
[White "Vandros57"]
[Black "Quiet_Desperation"]
[Result "0-1"]
[WhiteElo "2165"]
[BlackElo "1939"]
[TimeControl "180+1"]
[EndTime "10:57:00 PDT"]
[Termination "Quiet_Desperation won on time"]

1. d4 d5 2. Nf3 c6 3. c4 Nf6 4. e3 Bf5 5. Bd3 Bg4 6. O-O e6 7. h3 Bh5 8. Nbd2 Nbd7 9. Qc2 Be7 10. b3 O-O 11. Bb2 Rc8 12. Ne5 Bg6 13. f4 c5 14.
dxc5 Bxc5 15. Bd4 Nxe5 16. fxe5 Nd7 17. Bxg6 hxg6 18. Nf3 dxc4 19. Qxc4 Qe7 20. Rad1 Nb6 21. Qb5 Nd5 22. Qd3 Rfd8 23. Kh1 Bxd4 24. exd4 Rc3 25.
Qd2 Rdc8 26. Rde1 Rc2 27. Qg5 Rxa2 28. Qxe7 Nxe7 29. Ng5 Nf5 30. Rf3 Rcc2 31. Rg1 Rf2 32. Rc3 Rac2 33. Rxc2 Rxc2 34. Ne4 Nxd4 35. Rd1 Nc6 36.
Rd7 Nxe5 37. Rd8+ Kh7 38. Ng5+ Kh6 39. h4 Kh5 40. Rh8+ Kg4 41. Kh2 a5 42. Rg8 b5 43. Rxg7 a4 44. bxa4 bxa4 45. Nxf7 Nf3+ 0-1

[Event "*** SCC Grand Prix: Titled Tuesday Blitz"]
[Site "Chess.com"]
[Date "2020.06.23"]
[Round "5"]
[White "monalize"]
[Black "dpruess"]
[Result "0-1"]
[WhiteElo "2264"]
[BlackElo "2482"]
[TimeControl "180+1"]
[EndTime "10:57:03 PDT"]
[Termination "dpruess won on time"]

1. e4 c5 2. Nf3 d6 3. d4 cxd4 4. Qxd4 Nc6 5. Qe3 Nf6 6. h3 g6 7.
Be2 Bg7 8. O-O O-O 9. Rd1 Qc7 10. c4 Nd7 11. Nc3 Nde5 12. Nh2 Nb4 13. Nb5 Qb8 14. Qb3 Nbc6 15. Be3 Be6 16. Rac1 Rc8 17. Qa4 a6 18. Na3 b5 19. cxb5 axb5 20. Qxb5 Qxb5 21. Bxb5 Nb4 22. f4 Nd7 23. Nc4 Rxa2 24. f5 gxf5 25. Bxd7 Bxd7 26. Nb6 Rxc1 27. Rxc1 Be6 28. exf5 Bxf5 29. Nc8 Kf8 30. Nf3 Nd3 31. Rc2 Rxb2 32. Rxb2 Nxb2 33. Nb6 e6 34. Nd4 Be4 35. g4 Ke7 36. Nb5 Nd1 37. Bd2 Nb2 38. Kh2 Be5+ 39. Kg1 Bc6 40. Nc3 Nd3 41. Kf1 Nf4 42. Nc4 Bd4 0-1

[Event "*** SCC Grand Prix: Titled Tuesday Blitz"]
[Site "Chess.com"]
[Date "2020.06.23"]
[Round "5"]
[White "WonderChampion"]
[Black "Superfelix"]
[Result "0-1"]
[WhiteElo "2037"]
[BlackElo "2469"]
[TimeControl "180+1"]
[EndTime "10:57:03 PDT"]
[Termination "Superfelix won by resignation"]

1. d4 Nf6 2. Bg5 Ne4 3. Bf4 e6 4. Nd2 Bd6 5. Nxe4 Bxf4 6. e3 Bh6 7. Bd3 b6 8. Nf3 Bb7 9. O-O f5 10. Ned2 O-O 11. c4 Nc6 12. a3 a5 13. b3 Ne7 14.
Qc2 Qe8 15. b4 Qh5 16. Rab1 axb4 17. axb4 Ng6 18. c5 Nh4 19. Nxh4 Qxh4 20. e4 Bxd2 21.
Qxd2 Bxe4 22. Bxe4 fxe4 23. Qe3 Rf5 24. Rbe1 c6 25. Qxe4 Qxe4 26. Rxe4 b5 27. g3 Ra4 28. Rb1 Ra2 29. f4 Rd5 30. h3 Rd2 31. Ra1 R2xd4 32.
Re2 Rd1+ 33. Rxd1 Rxd1+ 34. Kf2 Rd4 35. Rb2 Kf7 36. Ke3 Rd1 37. Kf3 Kf6 38. g4 g5 39.
fxg5+ Kxg5 40. Kg3 Rd3+ 41. Kh2 Kh4 42. Kg2 Rg3+ 43.
Kf2 Rxh3 44. Rb1 Kxg4 45. Rg1+ Kf4 46. Ra1 Rh2+ 47. Kg1 Rb2 48. Rc1 Rxb4 49. Rf1+ Kg3 50.
Re1 Rc4 51. Re3+ Kf4 52. Re1 Rxc5 53. Rf1+ Kg3 54. Re1 b4 55. Re3+ Kf4 56. Re1 b3 57.
Rf1+ Kg3 58. Rb1 b2 59. Re1 Rc1 60. Kf1 Rxe1+ 61. Kxe1 b1=Q+ 62. Kd2 Qe4 0-1

[Event "*** SCC Grand Prix: Titled Tuesday Blitz"]
[Site "Chess.com"]
[Date "2020.06.23"]
[Round "5"]
[White "adriangschnitzer"]
[Black "kuban1991"]
[Result "0-1"]
[WhiteElo "2478"]
[BlackElo "2727"]
[TimeControl "180+1"]
[EndTime "10:57:05 PDT"]
[Termination "kuban1991 won on time"]

1. e4 e6 2. d4 d5 3. Nd2 c5 4. exd5 exd5 5. Ngf3 Nc6 6. Bb5 Bd6 7. dxc5 Bxc5 8. O-O Ne7 9. Nb3 Bb6 10. Re1 O-O 11. Bg5 Qd6 12. Nbd4 Bg4 13. Nxc6 Nxc6 14. h3 Bh5 15. Bxc6 Qxc6 16. Ne5 Bxd1 17. Nxc6 bxc6 18.
Raxd1 Rfe8 19. Kf1 f6 20. Bd2 Kf7 21. Rxe8 Kxe8 22.
Re1+ Kd7 23. b3 c5 24. c4 d4 25. Ke2 a5 26. a4 Bc7 27. Kd3 Rb8 28. Rb1 h5 29.
Kc2 g5 30. g4 hxg4 31. hxg4 Rh8 32. Rf1 Rh2 33. Kd3 Rh3+ 34. f3 Rh2 35. f4 Rh3+ 36. Kc2 gxf4 37. Bxf4 Be5 38. Bxe5 fxe5 39. g5 Rg3 40. Rf5 Ke6 41. Rf6+ Ke7 42. Rf5 Kd6 43.
Rf6+ Kd7 44. Rf5 e4 0-1

[Event "*** SCC Grand Prix: Titled Tuesday Blitz"]
[Site "Chess.com"]
[Date "2020.06.23"]
[Round "5"]
[White "MartinMatthiesen"]
[Black "shineatchess"]
[Result "1/2-1/2"]
[WhiteElo "2334"]
[BlackElo "2130"]
[TimeControl "180+1"]
[EndTime "10:57:05 PDT"]
[Termination "Game drawn by repetition"]

1. d4 Nf6 2. c4 e6 3. Nf3 d5 4. Nc3 Be7 5. Bf4 O-O 6. a3 b6 7. e3 Bb7 8. cxd5 Nxd5 9. Nxd5 Bxd5 10. Bd3 Nd7 11. Qe2 c5 12. e4 Bb7 13. Rd1 cxd4 14. Nxd4 e5 15. Nf5 exf4 16. Bb5 Bc8 17. Qg4 Bf6 18. Bxd7 Bxd7 19. Rxd7 Qe8 20. Nd6 Qe5 21. O-O h5 22. Qf3 Qe6 23. Qh3 Qxh3 24. gxh3 Rad8 25.
Rxd8 Rxd8 26. Nc4 b5 27. e5 bxc4 28. exf6 Rd2 29. Kg2 Rxb2 30. Rc1 g5 31. Rxc4 Kh7 32. Ra4 Kg6 33. Rxa7 Kxf6 34. Ra5 Kg6 35. Kf3 Rb3+ 36.
Kg2 g4 37. hxg4 hxg4 38. Ra8 f5 39. a4 Kg5 40. Rg8+ Kh4 41. Rh8+ Kg5 42. Rg8+ Kh4 43. Rh8+ Kg5 44. Rg8+ 1/2-1/2